 Dungeon Sprint DCSS version 0.17-a0-1562-g9b2c768 (webtiles) character file.

648 DEFE the Fighter (level 7, -9/50 HPs)
             Began as a Gargoyle Fighter on July 20, 2015.
             Mangled by a tentacle (16 damage)
             ... attached to a kraken
             ... in the Dungeon (Sprint II: "The Violet Keep of Menkaure").
             The game lasted 00:02:45 (720 turns).

DEFE the Fighter (Gargoyle Fighter)                  Turns: 720, Time: 00:02:46

Health: -9/50      AC: 13    Str: 27    XL:     7   Next: 53%
Magic:  7/7        EV: 11    Int:  8    God:
Gold:   27         SH: 11    Dex:  9    Spells: 0 memorised, 6 levels left

rFire  + . .     SeeInvis .     l - +1 flail (holy)
rCold  + . .     Clarity  .     b - +0 scale mail
rNeg   + . .     SustAt   .     c - +0 shield
rPois  ∞         Gourm    .     (no helmet)
rElec  +         Spirit   .     (no cloak)
rCorr  .         Warding  .     (no gloves)
rMut   .         NoTele   +     (no boots)
MR     .....                    (no amulet)
Stlth  ..........               (no ring)
                                m - ring "Ketheent" {rF+ rC+ Slay+2}

@: mighty, very slightly contaminated, hasted, very quick, not resistant to
hostile enchantments, extremely unstealthy
A: negative energy resistance 1, electricity resistance, unbreathing,
petrification resistance, rot immunity, AC +4
a: no special abilities


You were in the Dungeon.
You were not hungry.

You visited 1 branch You collected 729 gold pieces.
You spent 702 gold pieces at shops.

Inventory:

Hand weapons
 a - a +0 flail
 l - a +1 flail of holy wrath (weapon)
Armour
 b - a +0 scale mail (worn)
 c - a +0 shield (worn)
Jewellery
 m - the ring "Ketheent" (left hand) {rF+ rC+ Slay+2}
   (You bought it in a shop in the Dungeon)

   [ring of protection from fire]

   It affects your accuracy and damage with ranged weapons and melee attacks
   (+2).
   It protects you from fire.
   It protects you from cold.
Scrolls
 k - a scroll of blinking
Potions
 f - a potion of curing
 i - 2 potions of magic
 j - a potion of berserk rage
 n - a potion of agility
Comestibles
 e - a bread ration


   Skills:
 + Level 8.5 Fighting
 + Level 7.4 Maces & Flails
 + Level 8.4 Armour
 + Level 5.8 Dodging
 + Level 8.5 Shields


You had 6 spell levels left.
You didn't know any spells.

Dungeon Overview and Level Annotations

Branches:
Dungeon (1/1)

Altars:

Shops:
D ?}:!=!}%[:}[=(%*

Annotations:
D exclusion: oklob plant, Roxanne


Innate Abilities, Weirdness & Mutations

You are resistant to torment.
Your stone body is resilient (AC +4).
You are immune to poison.
You resist negative energy.
You are resistant to electric shocks.
You can survive without breathing.
You are immune to petrification.
You are immune to rotting.


Message History

The tentacle slaps you but does no damage.
You block the tentacle's attack. The tentacle closely misses you.
Unknown command.
You bludgeon the tentacle!!
The tentacle is almost dead.
The tentacle slaps you!! The tentacle slaps you.
Tentacles burst out of the water!
Unknown command.
You thump the tentacle!
You kill the tentacle!
The tentacle barely misses you.
You sock the tentacle!
The tentacle is moderately wounded.
The tentacle slaps you!!
* * * LOW HITPOINT WARNING * * *
The tentacle segment is engulfed in a cloud of scalding steam. x3
You sock the tentacle!
The tentacle is severely wounded.
The tentacle slaps you!
You die...

####≈≈#+++# ###≈≈≈.....
..#≈≈≈≈X##'## .∩#≈≈≈≈#
#.## ## ∩.#≈≈≈≈# ##..#
.# .∩#≈≈### #..#### .##
∩.#≈##.###'###.# ..#
..#≈#.#.##.##.#$#w.#
..'≈'##.'.<.÷###@w*#
..#≈##..##.##.#.#w**.#
###≈##.###†###.##.****.≈
###≈≈### #†# ### §.****≈
##≈≈≈#..#..# ≈§§****
+#≈##. .## §≈≈≈≈X≈ ≈≈##
## ≈≈§≈≈≈§ ≈≈ §§≈≈≈§≈


You could see a kraken and 3 tentacles.

Vanquished Creatures
  2 hippogriffs (D)
  4 brain worms (D)
  4 worker ants (D)
  2 worms (D)
  A tentacle (D)
13 creatures vanquished.

Vanquished Creatures (others)
  A crocodile (D)
  2 tentacles (D)
  319 tentacle segments (D)
322 creatures vanquished.

Grand Total: 335 creatures vanquished

Notes
Turn   | Place    | Note
--------------------------------------------------------------
     0 | D        | DEFE the Gargoyle Fighter began the quest for the Orb.
     0 | D        | Reached XP level 1. HP: 14/14 MP: 1/1
    13 | D        | Reached skill level 1 in Dodging
    13 | D        | Reached XP level 2. HP: 10/20 MP: 2/2
    51 | D        | Killed a crocodile
    84 | D        | Noticed Roxanne
   147 | D        | Noticed a brain worm
   147 | D        | Noticed a brain worm
   147 | D        | Noticed a brain worm
   147 | D        | Noticed a brain worm
   152 | D        | Lost intelligence.
   156 | D        | Killed a brain worm
   156 | D        | Reached skill level 5 in Fighting
   156 | D        | Reached skill level 5 in Armour
   156 | D        | Reached skill level 5 in Shields
   156 | D        | Reached XP level 3. HP: 14/26 MP: 3/3
   156 | D        | Reached XP level 4. HP: 16/31 MP: 4/4
   167 | D        | Killed a brain worm
   167 | D        | Reached XP level 5. HP: 13/36 MP: 5/5
   169 | D        | Killed a brain worm
   169 | D        | Reached skill level 6 in Fighting
   169 | D        | Reached skill level 5 in Maces & Flails
   172 | D        | Killed a brain worm
   172 | D        | Reached XP level 6. HP: 15/42 MP: 6/6
   357 | D        | Noticed a hippogriff
   357 | D        | Noticed a hippogriff
   369 | D        | Killed a hippogriff
   369 | D        | Reached skill level 7 in Fighting
   369 | D        | Reached skill level 5 in Dodging
   378 | D        | Killed a hippogriff
   378 | D        | Reached skill level 8 in Fighting
   378 | D        | Reached XP level 7. HP: 16/49 MP: 7/7
   555 | D        | Noticed a worker ant
   555 | D        | Noticed a worker ant
   559 | D        | Killed a worker ant
   563 | D        | Killed a worker ant
   565 | D        | Noticed a worker ant
   565 | D        | Noticed a worker ant
   567 | D        | Killed a worker ant
   580 | D        | Killed a worker ant
   644 | D        | Found Opetog's Antique Armour Shop.
   644 | D        | Found Huetus Zua's Antique Armour Boutique.
   644 | D        | Found Dinguf's Antique Weapon Shop.
   644 | D        | Found Nubinunn's Book Boutique.
   644 | D        | Found Qahoqosch's Assorted Antiques.
   644 | D        | Found Deodae's Gadget Boutique.
   644 | D        | Found Afoanocs's Food Shop.
   644 | D        | Found Berchidof's Jewellery Boutique.
   644 | D        | Found Bicsiuse's Food Boutique.
   645 | D        | Found Ecergh's Gadget Shop.
   645 | D        | Found Efatag's Distillery.
   647 | D        | Found Zextad's Jewellery Boutique.
   647 | D        | Found Boni's Distillery.
   647 | D        | Noticed a kraken
   647 | D        | Noticed an iron elemental
   647 | D        | Noticed an oklob plant
   648 | D        | Found Ekhetrophu's Gadget Shop.
   648 | D        | Found Beusasot's Magic Scroll Boutique.
   648 | D        | Found Udoebluq's Book Shoppe.
   659 | D        | Noticed a black bear
   660 | D        | Noticed a black bear
   660 | D        | Noticed a black bear
   660 | D        | Noticed a polar bear
   662 | D        | Noticed a polar bear
   666 | D        | Bought a glowing flail for 98 gold pieces
   674 | D        | Bought the ring "Ketheent" {rF+ rC+ Slay+2} for 474 gold pieces
   677 | D        | Bought a potion of agility for 52 gold pieces
   677 | D        | Bought a potion of heal wounds for 65 gold pieces
   679 | D        | Bought a potion of degeneration for 13 gold pieces
   708 | D        | Noticed a kraken
   720 | D        | Mangled by a tentacle

Vault maps used:
D:        the_violet_keep_of_menkaure

Action                   |  1- 3 |  4- 6 |  7- 9 || total
-------------------------+-------+-------+-------++-------
Melee: Flail             |    14 |    36 |    28 ||    78
  Use: Potion            |       |       |     4 ||     4
